 Dungeon Crawl Stone Soup version 0.15-a0-1309-g3520d71 (webtiles) character file.

3254 Quh the Carver (level 9, -2/63 HPs)
             Began as a Demonspawn Abyssal Knight on June 7, 2014.
             Was a Priest of Lugonu.
             Slain by a killer bee (4 damage)
             ... on Level 9 of the Dungeon.
             The game lasted 00:46:12 (10918 turns).

Quh the Carver (Demonspawn Abyssal Knight)         Turns: 10918, Time: 00:46:13

HP  -2/63        AC 15     Str 15      XL: 9   Next: 67%
MP  18/18        EV  8     Int 14      God: Lugonu [***...]
Gold 368         SH  0     Dex 13      Spells:  0 memorised,  8 levels left

rFire  + . .     SeeInvis .     d - +1,+0 falchion (slice)
rCold  + . .     Clarity  .     v - +2 scale mail {rF+}
rNeg   + . .     rCorr    .     (no shield)
rPois  .         rRot     +     (no helmet)
rElec  .         Spirit   .     p - +2 cloak
SustAb .         Warding  .     n - +0 pair of gloves
rMut   +         Stasis   .     (no boots)
Gourm  .                        h - amulet of resist mutation
MR     .....                    D - ring of protection from cold
                                e - ring of positive energy

@: lethally poisoned, not resistant to hostile enchantments, extremely
unstealthy
A: hooves 2, thin metallic scales 2, demonic guardian 1, foul stench 1, rot
immunity
a: Depart the Abyss, Bend Space, Banish, Renounce Religion


You were on level 9 of the Dungeon.
You worshipped Lugonu.
Lugonu was most pleased with you.
You were not hungry.

You visited 2 branches of the dungeon, and saw 10 of its levels.
You visited the Abyss 2 times.

You collected 368 gold pieces.

Inventory:

Hand weapons
 a - a +1,+2 falchion
 b - a +0,+0 shortbow
 d - a +1,+0 falchion of slicing (weapon)
 k - a +0,+2 dagger of venom
 E - a +2,+2 mace of crushing
 G - a +0,+0 crossbow
 J - a +0,+0 short sword of protection
 N - a +2,+6 scimitar of draining
 O - a +4,+2 flail of crushing
 S - a cursed -2,+0 hand axe
Missiles
 g - 53 stones (quivered)
 m - 8 tomahawks
 o - 50 arrows
 y - 38 bolts
 B - 13 steel bolts
 M - 14 arrows of frost
Armour
 f - a +0 scale mail
 n - a +0 pair of gloves (worn)
 p - a +2 cloak (worn)
 v - a +2 scale mail of fire resistance (worn)
 L - a +0 leather armour
 R - a +2 robe of cold resistance
 T - a +0 plate armour
Magical devices
 I - a wand of disintegration (11)
 K - a wand of enslavement (19)
 Q - a wand of frost (9) {unknown}
Comestibles
 c - 2 bread rations
Scrolls
 j - 4 scrolls of remove curse
 l - a scroll of enchant weapon II
 q - 2 scrolls of fog
 r - 2 scrolls of blinking {unknown}
 s - a scroll of enchant weapon I {unknown}
 t - a scroll of noise
 w - 2 scrolls of amnesia
 x - 2 scrolls of identify
 A - a scroll of magic mapping {unknown}
 H - a scroll of fear {unknown}
 P - 2 scrolls of recharging
Jewellery
 e - a ring of positive energy (left hand)
 h - an amulet of resist mutation (around neck)
 D - a ring of protection from cold (right hand)
 F - a cursed ring of teleportation {unknown}
Potions
 u - 2 potions of curing
 z - a potion of decay {unknown}
 C - 3 potions of restore abilities {unknown}
 U - a potion of berserk rage {unknown}
 V - a potion of confusion {unknown}
 W - a potion of invisibility {unknown}


   Skills:
 - Level 3.0 Fighting
 * Level 11.0 Long Blades
 - Level 1.7 Armour
 - Level 0.8 Dodging
 - Level 2.4 Invocations
 * Level 7.1 Evocations


You had 8 spell levels left.
You didn't know any spells.

Dungeon Overview and Level Annotations

Branches:
Dungeon (9/15)             Temple (1/1) D:4
    Orc: D:9-12        Lair: D:8-11

Altars:
Cheibriados
Dithmenos
Fedhas
Gozag
Nemelex Xobeh
Okawaru
Qazlal
Sif Muna
Trog
Vehumet
Yredelemnul
Zin


Innate Abilities, Weirdness & Mutations

You have hoof-like feet.
You are mostly covered in thin metallic scales (AC +3).
A weak demonic guardian rushes to your aid.
You emit a foul stench.
You are immune to rotting.


Message History

You feel sick.
The killer bee stings you but does no damage.
The quokka closely misses you.
The killer bee stings you but does no damage.
Unknown command.
Your scale mail prevents you from hitting the killer bee.
The killer bee is moderately wounded.
You feel sick. The killer bee stings you.
* * * LOW HITPOINT WARNING * * *
The quokka bites you but does no damage.
Unknown command.
You miss the killer bee. Your kick misses the killer bee.
The killer bee is moderately wounded.
The killer bee stings you!
* * * LOW HITPOINT WARNING * * *
You are more poisoned.
The killer bee poisons you! The quokka bites you.
* * * LOW HITPOINT WARNING * * *
The killer bee stings you.
You die...

#.........# #.......#
#.....# #.....# #.....#
#.....# #.....# #.....#
#..@..# #.ry§.# #.....#
#.....# #.$...# #.....#
#...%.#
####.....##############
.........................


You could see a killer bee and a quokka.

Vanquished Creatures
  Grinder (D:6)
  Edmund (D:6)
  A hippogriff (D:7)
  An ice beast (D:5)
  2 orc warriors (D:7)
  A sky beast (D:6)
  2 ogres (D:7)
  A manticore skeleton (D:9)
  A centaur (D:6)
  A giant frog (D:5)
  Blork the orc (D:6)
  A gnoll sergeant (D:7)
  2 scorpions
  8 killer bees
  4 goliath beetles (D:6)
  3 crimson imps
  2 quasits
  2 jellies
  2 orc priests
  A hound (D:4)
  9 orc wizards
  An iguana (D:7)
  3 worker ants (D:5)
  A hound zombie (D:6)
  11 gnolls
  9 adders
  2 giant mites (D:4)
  An inept feature mimic (D:6)
  A shadow imp (D:5)
  2 worms (D:2)
  An adder skeleton (D:4)
  3 adder zombies
  3 oozes
  18 orcs
  3 ball pythons
  7 giant cockroaches
  16 hobgoblins
  8 jackals
  6 quokkas
  7 bats
  3 giant geckos
  A giant gecko skeleton (D:6)
  2 giant newts
  6 goblins
  A goblin skeleton (D:4)
  A goblin zombie (D:5)
  A hobgoblin skeleton (D:4)
  14 kobolds
  2 orc skeletons (D:5)
  11 rats
  A rat zombie (D:7)
  3 toadstools (D:1)
196 creatures vanquished.

Vanquished Creatures (collateral kills)
  The ghost of Quh the Ruinous, an experienced DsWz of Sif Muna (D:7)
  An orc warrior (D:7)
  Sigmund (D:6)
  An orc priest (D:5)
  A giant gecko (D:5)
  5 orcs (D:7)
  2 hobgoblins
  2 bats
  A giant spore (D:8)
15 creatures vanquished.

Vanquished Creatures (others)
  4 crimson imps
  6 quasits
  2 iron imps
  6 white imps
  7 ufetubi
  4 toadstools (D:1)
29 creatures vanquished.

Grand Total: 240 creatures vanquished

Notes
Turn   | Place    | Note
--------------------------------------------------------------
     0 | Abyss:1  | Quh, the Demonspawn Abyssal Knight, began the quest for the Orb.
     0 | Abyss:1  | Reached XP level 1. HP: 18/18 MP: 1/1
   102 | Abyss:1  | Noticed a great orb of eyes
   102 | Abyss:1  | Paralysed by a great orb of eyes for 2 turns
   104 | D:1      | Escaped the Abyss
   398 | D:1      | Gained mutation: You are partially covered in thin metallic scales (AC +2). [demonic ancestry]
   398 | D:1      | Reached XP level 2. HP: 24/24 MP: 2/2
   464 | D:1      | Acquired Lugonu's first power
  1000 | D:2      | Gained mutation: You are mostly covered in thin metallic scales (AC +3). [demonic ancestry]
  1000 | D:2      | Reached XP level 3. HP: 26/29 MP: 4/4
  1645 | D:2      | Reached skill level 4 in Long Blades
  1645 | D:2      | Gained mutation: You have large cloven feet. [demonic ancestry]
  1645 | D:2      | Reached XP level 4. HP: 4/35 MP: 5/5
  2114 | D:2      | Acquired Lugonu's second power
  2677 | D:3      | Gained mutation: You are immune to rotting. [demonic ancestry]
  2677 | D:3      | Reached XP level 5. HP: 41/41 MP: 6/6
  2852 | D:3      | Reached skill level 5 in Long Blades
  3980 | D:4      | Found a staircase to the Ecumenical Temple.
  3988 | D:4      | Reached XP level 6. HP: 38/47 MP: 8/8
  3996 | D:4      | Acquired Lugonu's third power
  4008 | D:4      | Reached skill level 6 in Long Blades
  4160 | Temple   | Entered the Ecumenical Temple
  4607 | D:5      | Entered Level 5 of the Dungeon
  5239 | D:5      | Reached skill level 7 in Long Blades
  5239 | D:5      | Gained mutation: A weak demonic guardian rushes to your aid. [demonic ancestry]
  5239 | D:5      | Reached XP level 7. HP: 43/52 MP: 9/9
  5554 | D:5      | Acquired Lugonu's fourth power
  5911 | D:5      | Reached skill level 8 in Long Blades
  6534 | D:6      | Noticed Grinder
  6537 | D:6      | Paralysed by Grinder for 3 turns
  6550 | D:6      | Paralysed by Grinder for 7 turns
  6556 | D:6      | Noticed Edmund
  6561 | D:6      | Killed Grinder
  6561 | D:6      | Gained mutation: You have hoof-like feet. [demonic ancestry]
  6561 | D:6      | Reached XP level 8. HP: 52/58 MP: 10/10
  6579 | D:6      | Killed Edmund
  6579 | D:6      | Reached skill level 9 in Long Blades
  6642 | D:6      | Found a staircase to the Ecumenical Temple.
  6648 | D:6      | the staircase to the Ecumenical Temple was a mimic.
  6814 | D:6      | Reached skill level 1 in Evocations
  6861 | D:6      | Noticed Blork the orc
  6874 | D:6      | Killed Blork the orc
  7475 | D:6      | Noticed Sigmund
  7527 | D:6      | Killed Sigmund
  8206 | D:7      | Reached skill level 10 in Long Blades
  8330 | D:7      | Gained mutation: You emit a foul stench. [demonic ancestry]
  8330 | D:7      | Reached XP level 9. HP: 39/63 MP: 13/15
  8520 | D:7      | Reached skill level 5 in Evocations
  8567 | D:7      | Noticed Quh's ghost (experienced DsWz)
  8589 | D:7      | Killed Quh's ghost
  8960 | D:6      | Acquired Lugonu's fifth power
  9700 | D:7      | HP: 3/63 [orc warrior/glaive (24)]
 10763 | Abyss:1  | Noticed a large abomination
 10783 | Abyss:2  | Found a corrupted altar of Lugonu.
 10894 | D:9      | Escaped the Abyss
 10914 | D:9      | Reached skill level 11 in Long Blades
 10918 | D:9      | HP: 3/63 [killer bee (7)]
 10918 | D:9      | Slain by a killer bee

Action                   |  1- 3 |  4- 6 |  7- 9 || total
-------------------------+-------+-------+-------++-------
Melee: Falchion          |   123 |   285 |   496 ||   904
 Fire: Shortbow          |       |       |    63 ||    63
Throw: Stone             |    39 |    89 |    38 ||   166
       Tomahawk          |       |     3 |       ||     3
Invok: Depart the Abyss  |     1 |       |     1 ||     2
       Enter the Abyss   |       |       |     1 ||     1
Evoke: Wand              |       |       |     2 ||     2
  Use: Scroll            |       |     3 |     8 ||    11
       Potion            |       |     3 |     7 ||    10
 Stab: Distracted        |       |       |     3 ||     3
